 Dungeon Sprint DCSS version 0.31.0-32-g396128a36d (webtiles) character file.

Game seed: 6178307575836165234

0 James the Vexing (level 1, -1/16 HPs)
             Began as a Draconian Hexslinger on Mar 16, 2024.
             Slain by a river rat (2 damage)
             ... in the Dungeon (Sprint IV: "Fedhas' Mad Dash").
             The game lasted 00:00:15 (21 turns).

James the Vexing (Draconian Hexslinger)               Turns: 21, Time: 00:00:15

Health: -1/16      AC:  4    Str: 10    XL:     1   Next: 8%
Magic:  2/2        EV: 12    Int: 13    God:
Gold:   0          SH:  0    Dex: 13    Spells: 2/2 levels left

rFire   . . .        a - +1 sling
rCold   . . .        (no shield)
rNeg    . . .        (body armour unavailable)
rPois   .            (helmet restricted)
rElec   .            (no cloak)
rCorr   .            (no gloves)
SInv    .            (no boots)
Will    .....        (no amulet)
Stlth   +            (no ring)
HPRegen 0.22/turn    (no ring)
MPRegen 0.08/turn

%: no teleportation
@: no status effects
A: AC +4, unfitting armour, cold-blooded
a: no special abilities


You were in the Dungeon.
You visited 1 branch

Inventory:

Hand Weapons
 a - a +1 sling (weapon)
Scrolls
 b - a scroll of poison {!r}
 h - a scroll of blinking
Potions
 c - a potion of curing {@q1}
 d - a potion of heal wounds {@q2}
 e - a potion of haste {@q3}
 f - 2 potions of magic
 g - a potion of berserk rage


   Skills:
 - Level 1.1 Fighting
 + Level 2.3 Ranged Weapons
 - Level 1.7 Dodging
 - Level 1.0 Spellcasting
 - Level 2.6 Hexes
 - Level 1.0 Fire Magic


You had 2 spell levels left.
You didn't know any spells.
Your spell library contained the following spells:

 Spells                   Type           Power      Damage    Failure   Level
 Jinxbite                 Hex            14%        N/A       14%         2
 Sigil of Binding         Hex            7%         N/A       28%         3
 Inner Flame              Hex/Fire       5%         N/A       36%         3
 Cause Fear               Hex            3%         N/A       67%         4
 Dimensional Bullseye     Hex/Tloc       2%         N/A       85%         4


Dungeon Overview and Level Annotations

Branches:
Dungeon (1/1)

Altars:


Innate Abilities, Weirdness & Mutations

Your plain brown scales are hard. (AC +4)
You cannot fit into any form of body armour.
You are cold-blooded and may be slowed by cold attacks.


Message History

Aim: a river rat (severely wounded, 52% to hit)
You shoot a sling bullet.
The sling bullet barely misses the river rat.
The river rat closely misses you. x2
Fire: a) +1 sling
Press: ? - help, Q - select action Shift-Dir - straight line, f/p - river rat
Aim: a river rat (severely wounded, 52% to hit)
You shoot a sling bullet.
The sling bullet barely misses the river rat.
The river rat barely misses you.
Fire: a) +1 sling
Press: ? - help, Q - select action Shift-Dir - straight line, f/p - river rat
Aim: a river rat (severely wounded, 52% to hit)
You shoot a sling bullet.
The sling bullet closely misses the river rat.
The river rat closely misses you.
Fire: a) +1 sling
Press: ? - help, Q - select action Shift-Dir - straight line, f/p - river rat
Aim: a river rat (severely wounded, 52% to hit)
You shoot a sling bullet.
The sling bullet barely misses the river rat.
The river rat bites you.
* * * LOW HITPOINT WARNING * * *
The river rat completely misses you.
Fire: a) +1 sling
Press: ? - help, Q - select action Shift-Dir - straight line, f/p - river rat
Aim: a river rat (severely wounded, 52% to hit)
You shoot a sling bullet.
The sling bullet closely misses the river rat.
The river rat bites you but does no damage.
Fire: a) +1 sling
Press: ? - help, Q - select action Shift-Dir - straight line, f/p - river rat
Aim: a river rat (severely wounded, 52% to hit)
You shoot a sling bullet.
The sling bullet hits the river rat but does no damage.
The river rat bites you.
* * * LOW HITPOINT WARNING * * *
Fire: a) +1 sling
Press: ? - help, Q - select action Shift-Dir - straight line, f/p - river rat
Aim: a river rat (severely wounded, 52% to hit)
You shoot a sling bullet.
The sling bullet barely misses the river rat.
The river rat completely misses you.
Fire: a) +1 sling
Press: ? - help, Q - select action Shift-Dir - straight line, f/p - river rat
Aim: a river rat (severely wounded, 52% to hit)
You shoot a sling bullet.
The sling bullet barely misses the river rat.
The river rat barely misses you. The river rat bites you.
You die...

###### #####
#<..P#.....#
#PP.@r.?...+
#PPPP#.....#
###### #####


You could see a river rat.

Vanquished Creatures
  A rat (D)
1 creature vanquished.

Notes
Turn   | Place    | Note
-------+----------+-------------------------------------------
     0 | D        | James the Draconian Hexslinger began the quest for the Orb.
     0 | D        | Reached XP level 1. HP: 16/16 MP: 2/2
    21 | D        | Slain by a river rat

Illustrated notes

Levels and vault maps discovered:
D:        dungeon_sprint_fedhas [sprint_temple]

Skill      XL: |  1 |
---------------+----+-----
Ranged Weapons | 2 |  2.3
Fighting       | |  1.1
Dodging        | |  1.7
Spellcasting   | |  1.0
Hexes          | |  2.6
Fire Magic     | |  1.0

Action                     || total
---------------------------++-------
   Fire: Sling             ||    18
 Armour: Skin              ||     9
  Dodge: Dodged            ||    10
